 Dungeon Crawl Stone Soup version 0.22-a0-355-g201945f (webtiles) character file.

603422 Leszczynek the Human Blade (level 27, -11/212 HPs)
             Began as a Human Wizard on Apr 8, 2018.
             Was a High Priest of Hepliaklqana.
             Killed from afar by Oxian the pandemonium lord (22 damage)
             ... with a great blast of fire
             ... on level 3 of the Realm of Zot on Apr 18, 2018.
             The game lasted 09:19:28 (61109 turns).

Leszczynek the Human Blade (Human Wizard)          Turns: 61109, Time: 09:19:29

Health: -11/212    AC: 36    Str: 16      XL:     27
Magic:  24/32      EV: 27    Int: 22 (23) God:    Hepliaklqana [*****.]
Gold:   805        SH:  0    Dex: 25      Spells: 8/36 levels left

rFire    + + .     SeeInvis +   Z - +5 great sword of Sasil {slice, Fragile rF+ MR+++ Dex+4, The Sword of Zot}
rCold    . . .     Gourm    .   (shield currently unavailable)
rNeg     . . .     Faith    .   V - +7 swamp dragon scales
rPois    +         Spirit   .   D - +2 helmet {SInv}
rElec    .         Reflect  .   A - +1 cloak {+Inv}
rCorr    .         Harm     .   x - +2 pair of gloves {Dex+3}
MR       +++++                  f - +2 pair of boots
Stlth    +.........             j - amulet of regeneration
HPRegen  0.85/turn              t - ring of protection from fire
MPRegen  0.23/turn              Y - ring of Sloth {AC+3 Int+4}

@: hasted, studying Armour, very quick
A: reduced essence, agile 1, deterioration 1, sturdy frame 1
0: Orb of Zot
}: 3/15 runes: decaying, slimy, gossamer
a: Recall Ancestor, Ancestor Identity, Transference, Idealise, Renounce
Religion, Evoke Invisibility


You were on level 3 of the Realm of Zot.
You worshipped Hepliaklqana.
Hepliaklqana was extremely pleased with you.
You were completely stuffed.

You visited 12 branches of the dungeon, and saw 57 of its levels.
You also visited: Labyrinth, Ossuary, Bailey, Ice Cave, Volcano and Wizlab.

You collected 6278 gold pieces.
You spent 5473 gold pieces at shops.

Inventory:

Hand Weapons
 a - a +8 triple sword of slicing
 b - the +7 great sword of Yzac {slice, rElec Int+9 Dex-5}
   (You took it off an ogre mage on level 1 of the Depths)

   It inflicts extra damage upon your enemies.
   It affects your intelligence (+9).
   It affects your dexterity (-5).
   It insulates you from electricity.
 k - a +8 blowgun
 Z - the +5 great sword of Sasil (weapon) {slice, Fragile rF+ MR+++ Dex+4, The Sword of Zot}
   (You found it on level 5 of the Pits of Slime)

   It inflicts extra damage upon your enemies.
   It affects your dexterity (+4).
   It protects you from fire.
   It affects your resistance to hostile enchantments.
   It will be destroyed if unequipped.
Missiles
 c - 3 throwing nets (quivered)
 g - 11 needles of confusion
 U - 8 curare-tipped needles
Armour
 f - a +2 pair of boots (worn)
 x - a +2 pair of gloves of dexterity (worn)
 A - a +1 cloak of invisibility (worn)
 D - a +2 helmet of see invisible (worn)
 V - +7 swamp dragon scales (worn)
Jewellery
 j - an amulet of regeneration (around neck)
 n - an uncursed ring of protection from cold
 t - a ring of protection from fire (left hand)
 G - the ring of Motigae {rPois rN+ Str+2}
   (You bought it in a shop on level 7 of the Dungeon)

   [ring of strength]

   It affects your strength (+2).
   It protects you from poison.
   It protects you from negative energy.
 M - an uncursed ring of resist corrosion
 R - an uncursed ring of protection from magic
 Y - the ring of Sloth (right hand) {AC+3 Int+4}
   (You found it on level 4 of the Vaults)

   [ring of protection]

   It affects your AC (+3).
   It affects your intelligence (+4).
Wands
 y - a wand of iceblast (26)
 B - a wand of enslavement (3)
 E - a wand of digging (42)
 I - a wand of clouds (16)
 L - a wand of paralysis (47)
 W - a wand of acid (19)
Scrolls
 h - 16 scrolls of remove curse {@r2}
 F - 7 scrolls of fear
 H - a scroll of holy word {!r}
 K - 20 scrolls of teleportation
 N - 7 scrolls of blinking
 S - a scroll of magic mapping
 T - 3 scrolls of identify {@r1}
 X - 2 scrolls of fog
Potions
 e - 4 potions of mutation {!q}
 i - a potion of berserk rage {!q}
 m - 7 potions of flight
 p - 3 potions of invisibility
 u - 2 potions of might
 v - a potion of haste
 w - 9 potions of ambrosia
 z - 14 potions of curing {@q1}
 C - 3 potions of cancellation
 J - 3 potions of magic
 O - 3 potions of resistance
Books
 q - a manual of Armour
Miscellaneous
 o - 3 boxes of beasts
 r - a lightning rod (4/4)
 s - a lamp of fire
 P - 4 sacks of spiders
Comestibles
 d - 67 rations


   Skills:
 + Level 23.4 Fighting
   Level 10.0(19.3) Short Blades
 - Level 25.2(25.6) Long Blades
 + Level 8.3 Throwing
 + Level 16.6 Armour
 - Level 16.1 Dodging
 - Level 2.0 Stealth
   Level 4.0 Shields
 - Level 5.0 Spellcasting
 - Level 4.0 Conjurations
 - Level 10.1 Hexes
 - Level 4.0 Charms
 - Level 3.4 Summonings
 - Level 7.3 Necromancy
 - Level 4.3 Translocations
 - Level 3.0 Transmutations
 - Level 4.0 Fire Magic
 - Level 5.0 Ice Magic
   Level 4.0 Air Magic
 - Level 3.0 Earth Magic
   Level 4.5 Poison Magic
 + Level 10.6 Invocations
 + Level 12.5 Evocations


You had 8 spell levels left.
You knew the following spells:

 Your Spells              Type           Power        Failure   Level  Hunger
a - Spectral Weapon       Hex/Chrm       #####...     1%          3    ##.....
b - Call Imp              Summ           ###.....     4%          2    None
c - Simulacrum            Ice/Necr       ####......   83%         6    #######
d - Conjure Flame         Conj/Fire      ###.....     7%          3    ##.....
e - Confuse               Hex            ######..     1%          3    ##.....
f - Tukima's Dance        Hex            ######..     1%          3    ##.....
g - Animate Skeleton      Necr           N/A          1%          1    None
h - Passwall              Tmut/Erth      ###.......   5%          2    None
q - Regeneration          Chrm/Necr      ####......   3%          3    ##.....
B - Blink                 Tloc           N/A          3%          2    None


Dungeon Overview and Level Annotations

Branches:
Dungeon (15/15)            Temple (1/1) D:4            Lair (6/6) D:9
  Swamp (4/4) Lair:4       Spider (4/4) Lair:3        Slime (5/5) Lair:5
    Orc (2/2) D:10            Elf (3/3) Orc:2        Vaults (4/5) D:13
  Crypt (3/3) Vaults:2       Tomb (0/3) Crypt:3      Depths (5/5) D:15
    Zot (5/5) Depths:5

Altars:
Ashenzari
Cheibriados
Dithmenos
Elyvilon
Fedhas
Gozag
Hepliaklqana
Kikubaaqudgha
Makhleb
Nemelex Xobeh
Okawaru
Qazlal
Ru
Sif Muna
Trog
Uskayaw
Vehumet
Wu Jian
Xom
Yredelemnul
Zin
The Shining One
Beogh
Jiyva

Shops:
D:5 %   D:7 =   D:12 *   D:13 ?   Orc:2 **}?   Elf:2 (   Elf:3 :   Vaults:3 (
Zot:4 *   Depths:4 (:*

Portals:
Hell: Depths:1 Depths:2 Depths:3 Depths:5
Abyss: Depths:1 Depths:3 Depths:4
Pandemonium: Depths:3
Ziggurat: Depths:4

Annotations:
D:4 Dowan, Duvessa, Menkaure, Sigmund
D:6 Nib's ghost, novice OpAs
D:9 Erolcha
D:12 wight with ench greatsword
D:13 exclusion: 2 downstairs
D:14 exclusion: Roxanne, Roxanne
Lair:5 exclusion: 4 oklob plants
Swamp:1 kirke
Swamp:4 !, Jorgrun; Mara
Spider:1 exclusion: downstairs
Vaults:1 mut pot on alarm trap
Depths:2 shadow dragon
Depths:3 2 transporters (zot shit)
Zot:5 exclusion: upstairs


Innate Abilities, Weirdness & Mutations

Your life essence is reduced to manifest your ancestor. (-10% HP)
You are agile. (Dex +2)
Your body sometimes deteriorates upon taking damage.
Your movements are slightly less encumbered by armour. (ER -2)


Message History

You feel yourself speed up.
You are engulfed in blazing flames.
You resist.
* * * LOW HITPOINT WARNING * * *
Oxian gestures at you.
A raging storm of fire appears!
The great blast of fire engulfs you! You partially resist.
* * * LOW HITPOINT WARNING * * *
The fire vortex barely misses Timmy. 2 fire vortices come into view.
Enter note: like what am i supposed to do
Enter note: he just spams it
Enter note: five firestorms
Okay, then.
Casting: Regeneration (safe; 3% risk of failure)
Confirm with . or Enter, or press ? or * to list all spells.
You blink.
A large abomination comes into view.
Oxian gestures at you.
A raging storm of fire appears!
The great blast of fire engulfs you! You partially resist.
You die...

,,,,*
#.#.#....##...........
>,,,*
*,..#......)......####
,,,,*
**#######.######..........
*****
*,.......=X.....#+#....###
*,#######.#####.#,#..#.#**
*,* ##&.##..#.#,#..#...,
*,* ##.#.##..#.#,#..#...#
*,####.##).#...C#,..###..#
*,#..vv..@.##...###.# *..#
#,#§v§vRY.#####.# #.# *#.#
#§#§§vv.........# #.* *,,
**#§v§#.###.####### *,*
*,, #..v#§§..v.)# *,****,,
#.###§#§....### *,,,,,,⌠
#,,,..#.)))...# ********
****###.<.#.#.# #.##.#..#


You could see the friendly Timmy the knight, Oxian, a hellephant, a large
abomination and 7 fire vortices.

Vanquished Creatures
  A pandemonium lord (Zot:5)
  7 orbs of fire (Zot:5)
  Bai Suzhen (Elf:3)
  Saint Roka (Vaults:1)
  4 caustic shrikes (Depths:5)
  2 Killer Klowns (Zot:5)
  3 golden dragons
  Nikola (Depths:2)
  2 bone dragons (Depths:5)
  4 liches
  3 electric golems
  5 tentacled monstrosities
  Rupert (D:14)
  19 Orb Guardians
  4 quicksilver dragons
  2 deep elf blademasters (Elf:3)
  6 acid blobs
  2 ancient champions (Crypt:3)
  A sphinx (Depths:4)
  4 titans
  3 death cobs
  A shadow dragon (Depths:3)
  3 tengu reavers
  3 thorn hunters
  4 storm dragons
  2 draconian monks (Zot:4)
  2 revenants (Crypt:2)
  3 azure jellies
  4 fire giants
  9 frost giants
  A balrug (Depths:3)
  An orc warlord (Vaults:4)
  A draconian scorcher (Zot:4)
  An emperor scorpion (Spider:4)
  3 vault wardens
  3 curse skulls
  4 draconian stormcallers
  3 deep elf sorcerers
  3 ghost moths
  2 draconian knights
  3 deep elf elementalists (Elf:3)
  2 draconian annihilators
  9 ghouls
  A spriggan defender (Depths:4)
  A draconian shifter (Zot:4)
  10 ironheart preservers
  7 very ugly things
  13 stone giants
  5 green draconians
  3 entropy weavers
  2 black draconians
  2 purple draconians
  16 vampire knights
  5 spark wasps
  4 yellow draconians
  3 white draconians
  2 deep elf annihilators (Elf:3)
  A minotaur (Lab)
  2 red draconians
  3 eidola (Crypt:1)
  8 ettins
  10 fire dragons
  5 deep elf death magi
  6 death oozes (Slime:5)
  9 yaktaur captains
  7 deep elf high priests
  13 hydras
  16 jiangshi
  6 great orbs of eyes
  A rakshasa (Depths:3)
  3 vault guards
  5 ice dragons
  3 spriggan air magi
  5 death knights
  12 two-headed ogres
  2 centaur warriors (Vaults:4)
  13 dancing weapons
  2 ogre magi
  4 deep troll shamans
  11 alligators
  4 deep troll earth magi
  2 orc high priests (Vaults:4)
  2 death yaks (Lair:5)
  2 tengu warriors (Depths:4)
  14 vampire magi
  A spriggan berserker (Depths:1)
  9 deep elf knights
  2 soul eaters
  A titan skeleton (Crypt:1)
  2 sun demons (Depths:3)
  2 storm dragon skeletons (Crypt:1)
  11 hell knights
  47 skeletal warriors
  4 iron trolls
  19 deep trolls
  An unseen horror (D:13)
  9 swamp dragons
  An obsidian statue (Vaults:3)
  2 wizards (Vaults:3)
  5 ironbrand convokers
  17 deep elf archers
  3 flayed ghosts
  2 shadow dragon zombies (Crypt:3)
  2 glowing orange brains (Depths:5)
  2 lindwurms
  A shambling mangrove (Swamp:2)
  23 orc knights
  15 phantasmal warriors
  A golden dragon skeleton (Crypt:1)
  A wolf spider zombie (D:14)
  26 wolf spiders
  A faun (shapeshifter) (Depths:1)
  2 frost giant zombies (Crypt:3)
  40 deep elf magi
  6 necromancers
  14 orb spiders
  3 cyclopes
  31 ugly things
  An anaconda skeleton (Crypt:1)
  A shining eye (Slime:5)
  An orc sorcerer (Orc:2)
  A stone giant zombie (Vaults:1)
  A shadow dragon skeleton (Crypt:1)
  A manticore (D:15)
  2 salamanders (shapeshifter)
  A manticore (shapeshifter) (Depths:1)
  8 moths of wrath
  2 iron dragon skeletons (Crypt:1)
  A shock serpent zombie (Crypt:2)
  5 vault sentinels
  2 frost giant skeletons (Crypt:1)
  A rime drake (shapeshifter) (D:14)
  22 spiny frogs
  3 eyes of devastation
  A spiny frog (shapeshifter) (Vaults:1)
  2 rime drakes
  4 komodo dragons
  An efreet (Zot:3)
  6 demonic crawlers
  6 freezing wraiths
  17 yaktaurs
  13 tyrant leeches
  2 tengu conjurers
  41 jumping spiders
  A red devil (Depths:5)
  10 trolls
  3 meliai (Spider:2)
  A polar bear (Lair:6)
  A queen bee (shapeshifter) (Vaults:2)
  15 hornets
  A raiju (Lair:3)
  A fire dragon zombie (Crypt:3)
  9 blink frogs
  An ettin zombie (Crypt:3)
  A fire giant simulacrum (Crypt:3)
  6 hippogriffs
  5 bog bodies
  42 slime creatures
  A meliai zombie (D:13)
  An ice dragon zombie (Crypt:3)
  13 flying skulls
  4 shadows
  34 tarantellas
  13 wraiths
  7 air elementals
  An ice dragon skeleton (Crypt:1)
  A vampire (D:14)
  77 redbacks
  A spriggan (Swamp:3)
  2 wyverns (Lair:3)
  23 yaks
  7 water elementals
  An elf zombie (Vaults:1)
  5 fire elementals
  Eustachio (D:6)
  A black mamba skeleton (Crypt:1)
  17 vampire mosquitoes
  A naga (shapeshifter) (Vaults:2)
  A yaktaur simulacrum (Vaults:1)
  9 swamp worms
  12 wargs
  2 insubstantial wisps (Swamp:3)
  6 water moccasins
  An infernal demonspawn zombie (Crypt:3)
  A porcupine (Lair:1)
  An ogre skeleton (Vaults:1)
  A two-headed ogre skeleton (Crypt:3)
  45 orc warriors
  9 swamp drakes
  2 ice beasts
  2 black bears
  2 spiny frog skeletons (Crypt:1)
  An elephant zombie (Crypt:2)
  An eye of draining (D:14)
  4 necrophages
  A phantom (D:12)
  A sky beast (D:13)
  27 ogres
  7 wolves
  A knight (Spider:4)
  A manticore skeleton (Crypt:3)
  A snapping turtle skeleton (Crypt:1)
  3 centaurs
  6 crocodiles
  A big kobold (D:10)
  21 bullfrogs
  A salamander skeleton (Crypt:1)
  4 earth elementals
  An elf skeleton (Crypt:3)
  2 wyvern skeletons
  4 scorpions
  12 killer bees
  An elf simulacrum (Vaults:1)
  A howler monkey (D:12)
  A polar bear skeleton (Crypt:1)
  23 wights
  4 electric eels
  2 bullfrog zombies
  5 crimson imps
  4 centaur zombies
  16 orc priests
  5 centaur skeletons
  2 hounds
  A demonspawn zombie (Crypt:2)
  3 jellies (D:9)
  19 orc wizards
  2 bullfrog skeletons
  7 worker ants
  A tengu skeleton (Crypt:1)
  A hound skeleton (D:7)
  2 mummies (Ossuary)
  A howler monkey zombie (D:6)
  2 gnolls (D:9)
  2 howler monkey skeletons
  6 adders
  An ufetubus (Zot:3)
  5 oozes
  2 adder skeletons
  An adder zombie (D:6)
  2 worms
  A dart slug (D:3)
  A leopard gecko (D:4)
  80 orcs
  3 ball pythons
  A bat zombie (Crypt:2)
  4 giant cockroaches
  5 hobgoblins
  12 jackals
  28 kobolds
  3 quokkas
  A ball python skeleton (Crypt:1)
  A ball python zombie (Crypt:1)
  A bat (D:1)
  5 frilled lizards
  6 goblins
  6 hobgoblin zombies (Ossuary)
  5 kobold zombies (Ossuary)
  3 orc zombies (Ossuary)
  5 rats
  A rat zombie (Ossuary)
  3 fire vortices (Zot:3)
  A plant (D:5)
  2 spectral weapons
1642 creatures vanquished.

Vanquished Creatures (collateral kills)
  the Royal Jelly (Slime:5)
  2 ancient liches (Zot:5)
  2 orbs of fire (Zot:5)
  A juggernaut (Depths:5)
  A Killer Klown (Zot:5)
  A golden dragon (Zot:5)
  An electric golem (Zot:4)
  2 liches
  7 Orb Guardians (Zot:5)
  A titan (Depths:2)
  A deep elf master archer (Elf:3)
  A quicksilver dragon (Zot:4)
  3 death cobs
  5 acid blobs
  A thorn hunter (Swamp:3)
  A sphinx (Vaults:4)
  3 draconian monks
  2 storm dragons
  A tengu reaver (Depths:2)
  3 azure jellies (Slime:5)
  10 fire giants
  8 deep elf sorcerers (Elf:3)
  A draconian scorcher (Depths:5)
  2 vault wardens
  5 frost giants
  An iron dragon (Depths:4)
  A ghost moth (Zot:4)
  A draconian shifter (Zot:5)
  A deep elf elementalist (Elf:3)
  5 very ugly things
  5 ironheart preservers
  2 ghouls
  6 stone giants
  3 entropy weavers
  3 draconian annihilators (Zot:4)
  3 deep elf demonologists
  4 vampire knights
  2 black draconians
  2 spark wasps
  5 deep elf annihilators
  A purple draconian (Zot:3)
  3 white draconians
  A red draconian (Zot:4)
  A yellow draconian (Depths:5)
  5 jiangshi
  3 fire dragons
  3 ettins
  4 eidola
  A great orb of eyes (Depths:1)
  A crystal guardian (Vaults:4)
  A death ooze (Slime:5)
  A rakshasa (Depths:3)
  9 hydras
  3 ice dragons
  A catoblepas (D:14)
  6 ogre magi
  A quicksilver dragon skeleton (Crypt:1)
  4 centaur warriors
  4 dancing weapons
  5 alligators
  7 two-headed ogres
  2 deep troll earth magi
  A spriggan berserker (Depths:2)
  8 deep elf knights
  2 soul eaters
  2 hell knights (Depths:3)
  7 skeletal warriors
  5 deep trolls
  4 wizards
  An unseen horror (Vaults:1)
  4 ironbrand convokers
  A spriggan druid (Swamp:4)
  3 swamp dragons (Swamp:4)
  A golden dragon skeleton (Crypt:2)
  3 phantasmal warriors
  8 deep elf archers
  A lindwurm (Volcano)
  6 orc knights
  5 wolf spiders
  9 deep elf magi
  13 ugly things
  5 orb spiders
  A frost giant zombie (Crypt:3)
  A fire giant zombie (Crypt:3)
  A shining eye (Slime:5)
  A manticore (shapeshifter) (Vaults:2)
  3 moths of wrath
  5 vault sentinels
  A black mamba (Lair:5)
  A stone giant skeleton (Crypt:1)
  3 molten gargoyles (Volcano)
  A black mamba (shapeshifter) (Depths:5)
  A frost giant skeleton (Crypt:1)
  A water nymph (shapeshifter) (Vaults:4)
  A gargoyle (D:8)
  12 spiny frogs
  An alligator snapping turtle zombie (Crypt:2)
  A torpor snail (Spider:1)
  A dire elephant skeleton (Crypt:1)
  2 efreet (Volcano)
  7 yaktaurs
  5 freezing wraiths
  A tengu conjurer (Depths:4)
  8 jumping spiders
  A catoblepas skeleton (Crypt:1)
  A demonic crawler (Spider:1)
  A queen bee (Lair:1)
  8 hornets
  4 trolls
  3 blink frogs (Lair:6)
  A hydra skeleton (Crypt:1)
  4 tyrant leeches
  A jumping spider zombie (Crypt:3)
  A hippogriff (D:12)
  18 slime creatures
  An ettin zombie (Crypt:3)
  A fire giant simulacrum (Crypt:3)
  2 bog bodies
  4 flying skulls
  An alligator zombie (Crypt:3)
  27 redbacks
  3 ettin skeletons (Crypt:1)
  3 spriggans
  2 water elementals
  A vampire (D:11)
  A shadow (Swamp:3)
  A ynoxinul (WizLab)
  A wyvern (Lair:2)
  6 yaks
  2 air elementals
  A tarantella (shapeshifter) (Vaults:1)
  3 wraiths
  4 tarantellas
  A chaos spawn (Zot:3)
  Grum (D:8)
  A wind drake skeleton (Crypt:1)
  A neqoxec (Zot:3)
  A hungry ghost (D:10)
  6 vampire mosquitoes
  2 wargs
  5 swamp worms
  A soldier ant (shapeshifter) (Vaults:4)
  2 water moccasins
  A black bear (shapeshifter) (Vaults:1)
  A sky beast (D:10)
  2 porcupines
  An ice beast (shapeshifter) (Elf:3)
  An ice beast (D:5)
  16 orc warriors
  3 swamp drakes (Swamp:4)
  A snapping turtle zombie (Crypt:3)
  A phantom (D:5)
  A sky beast (shapeshifter) (Vaults:1)
  16 ogres
  A necrophage (Crypt:1)
  5 wolves
  7 centaurs
  A crocodile (Lair:3)
  A big kobold (D:5)
  An elf zombie (Ossuary)
  2 earth elementals (Volcano)
  5 bullfrogs
  2 scorpions
  11 killer bees
  An electric eel (Spider:3)
  A howler monkey (D:6)
  6 wights
  5 centaur zombies (Ossuary)
  A bullfrog zombie (D:12)
  A jelly (D:8)
  9 orc priests
  A bullfrog skeleton (D:12)
  2 hounds (D:6)
  5 orc wizards
  A worker ant (D:4)
  A big kobold zombie (Crypt:1)
  An ogre skeleton (Crypt:2)
  A naga skeleton (Crypt:1)
  A gnoll (D:9)
  4 adders
  An ooze (D:9)
  An adder zombie (Ossuary)
  5 worms
  A dart slug (D:3)
  3 leopard geckos
  27 orcs
  2 giant cockroaches
  A goblin (Bailey)
  3 jackals
  3 hobgoblin zombies (Ossuary)
  18 kobolds
  5 kobold zombies (Ossuary)
  A leopard gecko zombie (D:7)
  4 orc zombies (Ossuary)
  A rat zombie (Ossuary)
  3 briar patches (Swamp:4)
  3 fungi (Elf:3)
  2 plants
658 creatures vanquished.

Vanquished Creatures (others)
  A deep elf master archer (Elf:3)
  A yaktaur captain (Depths:3)
  A shadow wraith (Vaults:4)
  A deep elf mage (Vaults:2)
  A moth of wrath (Zot:3)
  2 yaktaurs
  5 dancing weapons
  A centaur (Vaults:2)
  A bullfrog (D:15)
  26 knights
  3 ancestors
  2 briar patches (Swamp:3)
  2 fire vortices
  A fungus (Lair:6)
  34 plants
  102 spectral weapons
184 creatures vanquished.

Grand Total: 2484 creatures vanquished

Notes
Turn   | Place    | Note
-------+----------+-------------------------------------------
     0 | D:1      | Leszczynek the Human Wizard began the quest for the Orb.
     0 | D:1      | Reached XP level 1. HP: 13/13 MP: 4/4
     0 | D:1      | i must be hating myself to play this willingly
   102 | D:1      | Reached XP level 2. HP: 19/19 MP: 0/6
   133 | D:1      | Reached skill level 2 in Conjurations
   144 | D:1      | Learned a level 2 spell: Call Imp
   489 | D:2      | Reached XP level 3. HP: 24/24 MP: 3/7
   532 | D:2      | Learned a level 3 spell: Mephitic Cloud
   537 | D:2      | Reached skill level 2 in Summonings
   908 | D:2      | Reached XP level 4. HP: 25/30 MP: 1/8
  1116 | D:3      | Reached skill level 3 in Conjurations
  1149 | D:3      | Learned a level 3 spell: Conjure Flame
  1470 | D:4      | Noticed Duvessa
  1470 | D:4      | Noticed Dowan
  1471 | D:4      | nope
  1544 | D:4      | Noticed Sigmund
  1589 | D:3      | Reached skill level 1 in Air Magic
  1609 | D:3      | Reached XP level 5. HP: 24/35 MP: 1/9
  1780 | D:4      | Reached skill level 2 in Air Magic
  1826 | D:4      | Found a staircase to the Ecumenical Temple.
  1858 | D:4      | Reached skill level 3 in Air Magic
  1870 | Temple   | Entered the Ecumenical Temple
  2086 | Temple   | Became a worshipper of Hepliaklqana the Forgotten
  2139 | D:4      | Found a sand-covered staircase.
  2172 | Ossuary  | Entered an ossuary
  2320 | Ossuary  | Reached skill level 1 in Poison Magic
  2320 | Ossuary  | Reached XP level 6. HP: 31/36 MP: 4/10
  2322 | Ossuary  | Reached skill level 2 in Poison Magic
  2338 | Ossuary  | Reached skill level 3 in Poison Magic
  2341 | Ossuary  | HP: 10/54 [adder zombie (1)]
  2342 | Ossuary  | HP: 4/54 [elf zombie (6)]
  2375 | Ossuary  | Reached skill level 4 in Poison Magic
  2375 | Ossuary  | Reached XP level 7. HP: 22/41 MP: 2/11
  2541 | D:4      | Noticed Menkaure
  2547 | D:4      | nice level
  2547 | D:4      | sigmund, menkaure, dowan/duvessa
  2766 | D:5      | Entered Level 5 of the Dungeon
  2798 | D:5      | Reached skill level 1 in Fire Magic
  3066 | D:5      | Reached skill level 1 in Shields
  3066 | D:5      | Reached skill level 2 in Fire Magic
  3066 | D:5      | Reached XP level 8. HP: 35/46 MP: 2/12
  3092 | D:5      | Found Xeenis's Food Shoppe.
  3367 | D:5      | Reached skill level 4 in Conjurations
  3439 | D:5      | Reached * piety under Hepliaklqana
  3559 | D:6      | Reached skill level 2 in Shields
  3671 | D:6      | Reached skill level 3 in Fire Magic
  3863 | D:6      | Noticed Eustachio
  3868 | D:6      | Reached skill level 3 in Shields
  3918 | D:6      | Killed Eustachio
  3918 | D:6      | Reached skill level 4 in Fire Magic
  4229 | D:6      | Noticed Nib's ghost (novice OpAs)
  4343 | D:7      | Reached skill level 1 in Fighting
  4343 | D:7      | Reached skill level 1 in Short Blades
  4361 | D:7      | Learned a level 2 spell: Blink
  4389 | D:7      | Reached skill level 4 in Shields
  4406 | D:7      | Upgraded the game from 0.22-a0-348-gd16d139 to 0.22-a0-351-g29664b4
  4420 | D:7      | Reached skill level 2 in Short Blades
  4420 | D:7      | Reached XP level 9. HP: 38/53 MP: 10/13
  4555 | D:7      | Reached skill level 2 in Fighting
  4603 | D:7      | Found Onauj's Jewellery Shop.
  4606 | D:7      | Bought the ring of Motigae {rPois rN+ Str+2} for 343 gold pieces
  4640 | D:7      | Reached skill level 3 in Short Blades
  4701 | D:7      | oh
  4798 | D:7      | Reached skill level 4 in Short Blades
  4893 | D:8      | Noticed a gargoyle
  4894 | D:8      | n o p e
  5007 | D:8      | Reached skill level 3 in Fighting
  5234 | D:8      | Reached ** piety under Hepliaklqana
  5238 | D:8      | Remembered your ancestor Timmy as a knight
  5259 | D:8      | Reached skill level 5 in Short Blades
  5298 | D:8      | Reached skill level 4 in Fighting
  5357 | D:8      | the fuck
  5385 | D:8      | Reached skill level 6 in Short Blades
  5513 | D:8      | Noticed Grum
  5524 | D:8      | ow
  5525 | D:8      | Killed Grum
  5525 | D:8      | Reached XP level 10. HP: 22/65 MP: 5/14
  5526 | D:8      | normalperson7 is a better fighter than me, it seems
  5526 | D:8      | boy this joke is stupid
  5670 | D:9      | Noticed a two-headed ogre
  5675 | D:9      | Reached skill level 5 in Fighting
  5675 | D:9      | Reached skill level 7 in Short Blades
  5827 | D:9      | Noticed Erolcha
  6029 | D:9      | oh right
  6029 | D:9      | white imps and conjure flame don't work well together
  6029 | D:9      | Reached skill level 8 in Short Blades
  6041 | D:9      | Killed a two-headed ogre
  6174 | D:9      | Reached skill level 6 in Fighting
  6177 | D:9      | centaur with enslavement and 3 potions of might
  6177 | D:9      | and a quarterstaff to swap to in melee
  6177 | D:9      | wew lad
  6201 | D:9      | Found Ceoxuto's Distillery.
  6202 | D:9      | Found a shattered altar of Ashenzari.
  6209 | D:9      | Bought a potion of haste for 130 gold pieces
  6209 | D:9      | good stuff here
  6209 | D:9      | no money though
  6211 | D:9      | invis, cancellation, resistance
  6266 | D:9      | Found a staircase to the Lair.
  6310 | D:9      | Found a deep blue altar of Sif Muna.
  6312 | D:9      | Found a basalt altar of Yredelemnul.
  6312 | D:9      | Found a bloodstained altar of Trog.
  6312 | D:9      | Found a shadowy altar of Dithmenos.
  6314 | D:9      | Found an ancient bone altar of Kikubaaqudgha.
  6314 | D:9      | Found a stormy altar of Qazlal.
  6327 | D:9      | Found a shimmering altar of Xom.
  6393 | D:10     | Entered Level 10 of the Dungeon
  6407 | D:10     | Found a staircase to the Orcish Mines.
  6420 | D:10     | Found a shadowy altar of Dithmenos.
  6461 | D:10     | Reached skill level 9 in Short Blades
  6510 | D:10     | why is my own ancestor going into my flame cloud
  6510 | D:10     | jesus
  6510 | D:10     | i didn't know the ally AI is this dumb
  6510 | D:10     | wouldn't have picked hep
  6510 | D:10     | ...
  6572 | D:9      | armor swapping and breadswinging for turn shaving
  6572 | D:9      | the degeneracy is real
  6601 | D:10     | and it isn't even a speedrun
  6808 | D:10     | Reached XP level 11. HP: 74/74 MP: 15/15
  6809 | D:10     | Reached *** piety under Hepliaklqana
  6853 | D:10     | Reached skill level 7 in Fighting
  6872 | D:10     | Reached skill level 10 in Short Blades
  6931 | D:10     | tele identified on d:10, woooo
  7080 | D:10     | Reached skill level 1 in Long Blades
  7210 | D:10     | Reached skill level 2 in Long Blades
  7223 | D:10     | Reached skill level 3 in Long Blades
  7233 | D:10     | Reached skill level 4 in Long Blades
  7427 | D:11     | hmmmmm
  7427 | D:11     | i wonder if i have magic mapping
  7427 | D:11     | ha ha
  7433 | D:11     | the answer is "no"
  7692 | D:11     | Noticed a two-headed ogre
  7706 | D:11     | Killed a two-headed ogre
  7706 | D:11     | Reached skill level 8 in Fighting
  7706 | D:11     | Reached skill level 5 in Long Blades
  7772 | D:11     | Found a flagged portal.
  7827 | D:11     | ...?
  7932 | Bailey   | Entered a bailey
  7937 | Bailey   | ah, it's this shit
  7937 | Bailey   | ugh
  8068 | Bailey   | Got a faintly humming ring mail
  8079 | Bailey   | Identified the +1 ring mail of the Cockatrice {rN+} (You found it in a bailey)
  8103 | Bailey   | Found a bloodstained altar of Trog.
  8133 | Bailey   | >+8 blowgun
  8133 | Bailey   | hoooo boy
  8381 | D:9      | Bought a potion of might for 52 gold pieces
  8381 | D:9      | Bought a potion of lignification for 39 gold pieces
  8381 | D:9      | Bought a potion of cancellation for 104 gold pieces
  8381 | D:9      | Bought a potion of resistance for 130 gold pieces
  8381 | D:9      | Bought a potion of invisibility for 104 gold pieces
  8381 | D:9      | Bought a potion of curing for 39 gold pieces
  8381 | D:9      | Bought a potion of curing for 39 gold pieces
  8568 | D:12     | Reached **** piety under Hepliaklqana
  8568 | D:12     | Noticed a cyclops
  8572 | D:12     | ow
  8736 | D:12     | Reached skill level 6 in Long Blades
  8736 | D:12     | Reached skill level 2 in Translocations
  8774 | D:12     | Found Itruucasm's Hallowed Reliquary.
  8774 | D:12     | Noticed an angel
  8778 | D:12     | Found a glowing golden altar of the Shining One.
  8786 | D:12     | Bought a potion of heal wounds for 70 gold pieces
  8786 | D:12     | Bought a potion of heal wounds for 70 gold pieces
  9006 | Lair:1   | Entered Level 1 of the Lair of Beasts
  9061 | Lair:1   | Reached skill level 3 in Dodging
  9318 | Lair:1   | Reached XP level 12. HP: 55/83 MP: 16/16
  9335 | Lair:1   | Reached skill level 7 in Long Blades
  9335 | Lair:1   | Reached skill level 3 in Translocations
  9466 | Lair:2   | Found a dark tunnel.
  9495 | Volcano  | Entered a volcano
  9516 | Volcano  | Reached skill level 4 in Dodging
  9535 | Volcano  | HP: 15/83 [earth elemental (27)]
 10224 | Volcano  | Reached skill level 8 in Long Blades
 10224 | Volcano  | Reached skill level 3 in Summonings
 10404 | Volcano  | this is pretty tough
 10540 | Volcano  | sfsdfsdfsdfsdf
 10658 | Lair:2   | Reached skill level 5 in Dodging
 10772 | Lair:2   | Reached ***** piety under Hepliaklqana
 10898 | Lair:3   | Found a hole to the Spider Nest.
 10929 | Lair:3   | Reached skill level 9 in Long Blades
 10929 | Lair:3   | Reached skill level 4 in Air Magic
 11095 | Lair:3   | ha ha the joke's on me
 11214 | Lair:3   | if only i had better hexes apt
 11500 | Lair:4   | Reached skill level 6 in Dodging
 11530 | Lair:4   | Reached skill level 10 in Long Blades
 11581 | Lair:4   | Reached XP level 13. HP: 64/88 MP: 17/17
 11648 | Lair:4   | so it's swamp
 11783 | Lair:4   | Noticed a four-headed hydra
 11793 | Lair:4   | Killed a one-headed hydra
 11793 | Lair:4   | Reached skill level 1 in Invocations
 11889 | Lair:4   | Found a staircase to the Swamp.
 11927 | Lair:5   | no rc+
 11927 | Lair:5   | doubtful i'll try to do ice cave
 11927 | Lair:5   | unless it's animals, maybe then
 11927 | Lair:5   | i have 5 !res
 12001 | Lair:5   | Reached skill level 2 in Invocations
 12022 | Lair:5   | Reached skill level 11 in Long Blades
 12056 | Lair:5   | Found a frozen archway.
 12077 | IceCv    | Entered an ice cave
 12078 | IceCv    | simulacra, nope
 12083 | Lair:5   | Noticed a six-headed hydra
 12103 | Lair:5   | Killed a five-headed hydra
 12200 | Lair:5   | Found a staircase to the Slime Pits.
 12208 | Lair:5   | fug
 12284 | Lair:5   | Reached skill level 3 in Invocations
 12386 | Lair:5   | Noticed a seven-headed hydra
 12422 | Lair:5   | Killed a four-headed hydra
 12521 | Lair:6   | Entered Level 6 of the Lair of Beasts
 12524 | Lair:6   | f-f-f-f-FROG POND
 12524 | Lair:6   | bleh
 12524 | Lair:6   | hopefully i won't wake up everything before reaching lab
 12536 | Lair:6   | Reached skill level 9 in Fighting
 12576 | Lair:6   | Found a labyrinth entrance.
 12600 | Lab      | Entered a labyrinth
 12838 | Lab      | Noticed a minotaur
 12849 | Lab      | Killed a minotaur
 12849 | Lab      | Reached skill level 2 in Evocations
 12858 | Lab      | Learned a level 3 spell: Spectral Weapon
 12901 | Lair:6   | the loot was bad btw
 13029 | Lair:6   | Reached skill level 4 in Invocations
 13075 | Lair:6   | Reached skill level 1 in Charms
 13086 | Lair:6   | Reached skill level 1 in Hexes
 13333 | Lair:6   | Reached skill level 12 in Long Blades
 13394 | Lair:6   | Reached skill level 2 in Charms
 13397 | Lair:6   | Reached skill level 2 in Hexes
 13566 | Lair:6   | Reached XP level 14. HP: 66/97 MP: 12/18
 13664 | Lair:6   | Reached skill level 3 in Charms
 13670 | Lair:6   | Reached skill level 3 in Hexes
 13753 | Lair:6   | Got a distressingly furry scale mail
 13768 | Lair:6   | Identified the +3 scale mail "Ogycyim" {rCorr Int+3 Slay+3} (You found it on level 6 of the Lair of Beasts)
 14036 | D:10     | okay, let's try having fun
 14037 | Orc:1    | Entered Level 1 of the Orcish Mines
 14042 | Orc:1    | Reached ****** piety under Hepliaklqana
 14140 | Orc:2    | Entered Level 2 of the Orcish Mines
 14140 | Orc:2    | Found a roughly hewn altar of Beogh.
 14576 | Orc:2    | Found a staircase to the Elven Halls.
 14583 | Orc:1    | Found a roughly hewn altar of Beogh.
 14802 | Orc:2    | Found a roughly hewn altar of Beogh.
 14860 | Orc:2    | hmmmm
 14868 | Orc:2    | ow
 14875 | Orc:2    | Reached skill level 10 in Fighting
 14875 | Orc:2    | Reached skill level 4 in Hexes
 14928 | Orc:2    | Learned a level 3 spell: Confuse
 15030 | Orc:2    | Reached skill level 13 in Long Blades
 15464 | Orc:2    | Found Cunomn's Assorted Antiques.
 15464 | Orc:2    | Found Voum's General Store.
 15624 | Orc:2    | Found a roughly hewn altar of Beogh.
 15695 | Orc:2    | Reached skill level 5 in Hexes
 15792 | Orc:2    | Found Utanejuo's Magic Scroll Shop.
 15792 | Orc:2    | Found Emeaziq's Gadget Emporium.
 15831 | Orc:2    | Bought a scroll of teleportation for 39 gold pieces
 15831 | Orc:2    | Bought a scroll of enchant armour for 97 gold pieces
 15831 | Orc:2    | Bought a scroll of magic mapping for 45 gold pieces
 15831 | Orc:2    | Bought a scroll of magic mapping for 45 gold pieces
 15831 | Orc:2    | Bought a scroll of blinking for 97 gold pieces
 15831 | Orc:2    | Bought a scroll of teleportation for 39 gold pieces
 15831 | Orc:2    | Bought a scroll of identify for 26 gold pieces
 15831 | Orc:2    | Bought a scroll of identify for 26 gold pieces
 15862 | Orc:2    | Bought a scroll of fear for 87 gold pieces
 15862 | Orc:2    | Bought a scroll of magic mapping for 87 gold pieces
 15862 | Orc:2    | Bought a scroll of teleportation for 75 gold pieces
 15862 | Orc:2    | Bought a scroll of teleportation for 75 gold pieces
 15888 | Orc:2    | it's total shit, go figure
 16367 | D:12     | Reached skill level 14 in Long Blades
 16412 | D:13     | Found Wawiesum's Magic Scroll Shop.
 16421 | D:13     | Bought a scroll of brand weapon for 320 gold pieces
 16422 | D:13     | nice brand
 16430 | D:13     | Bought a scroll of fear for 56 gold pieces
 16430 | D:13     | Bought a scroll of identify for 32 gold pieces
 16430 | D:13     | Bought a scroll of identify for 32 gold pieces
 16470 | D:13     | Found a sacrificial altar of Ru.
 16667 | D:13     | Found a gate to the Vaults.
 16687 | D:13     | Reached skill level 6 in Hexes
 17068 | D:14     | Noticed Roxanne
 17069 | D:14     | nope
 17166 | D:14     | Reached XP level 15. HP: 103/103 MP: 19/19
 17301 | D:14     | Noticed Rupert
 17301 | D:14     | the good news: a late game weapon!
 17301 | D:14     | the bad news: everything else
 17342 | D:14     | Killed Rupert
 17342 | D:14     | Reached skill level 7 in Dodging
 18039 | D:15     | Entered Level 15 of the Dungeon
 18121 | D:13     | i'm retarded
 18343 | D:15     | Found a glowing golden altar of the Shining One.
 18488 | D:15     | Found a staircase to the Depths.
 18488 | D:15     | Noticed a fire giant
 18653 | D:15     | Identified the cursed +0 pair of gloves of Zoak {MP-9 Str+4 Stlth+} (You found it on level 15 of the Dungeon)
 18654 | D:15     | :/
 18654 | D:15     | kinda defeats the purpose
 18707 | D:15     | Reached skill level 7 in Hexes
 18727 | D:15     | Reached skill level 8 in Dodging
 18880 | D:15     | oh boy this is going to be a disaster
 19229 | Swamp:1  | Entered Level 1 of the Swamp
 19532 | Swamp:1  | Identified the +8 chain mail of the Assorted Moons {+Blink rN+ SInv} (You found it on level 1 of the Swamp)
 19533 | Swamp:1  | oh
 19533 | Swamp:1  | that's decent
 19610 | Swamp:1  | Noticed a purple very ugly thing
 19610 | Swamp:1  | hmmmmmmmmmmmm
 19612 | Swamp:1  | hmmmmmmmmmmmmmmmmmmmmmmmmmmmmmmm
 19628 | Swamp:1  | Killed a purple very ugly thing
 19628 | Swamp:1  | Reached skill level 15 in Long Blades
 19655 | Swamp:1  | ha ha time to rebrand into venom
 19656 | Swamp:1  | oh, it's vorpal, nice
 20096 | Swamp:2  | Reached skill level 8 in Hexes
 20367 | Swamp:1  | okay
 20413 | Swamp:2  | Identified the +5 falchion of Grontol {vamp, *Noise rC+ rN+ Stlth+} (You found it on level 2 of the Swamp)
 20414 | Swamp:2  | vamp falchion huh
 20414 | Swamp:2  | with *noise no less
 20414 | Swamp:2  | ha ha
 20427 | Swamp:2  | stlth+
 20781 | Swamp:3  | Noticed a thorn hunter
 20821 | Swamp:3  | Reached XP level 16. HP: 103/111 MP: 6/20
 21078 | Swamp:3  | Noticed a thorn hunter
 21119 | Swamp:3  | Killed a thorn hunter
 21119 | Swamp:3  | Reached skill level 11 in Fighting
 21134 | Swamp:3  | Reached skill level 5 in Invocations
 21270 | Swamp:4  | Entered Level 4 of the Swamp
 21270 | Swamp:4  | Noticed Jorgrun
 21273 | Swamp:3  | hm
 21273 | Swamp:3  | i think i should leave this for later
 21412 | Spider:1 | Entered Level 1 of the Spider Nest
 21738 | Spider:1 | Reached skill level 4 in Translocations
 21864 | Spider:1 | Reached skill level 16 in Long Blades
 21891 | Spider:1 | FIFTY ONE
 22101 | Spider:1 | this game ridicules me for trying to not train evo for once
 22101 | Spider:1 | clouds clouds clouds scattershot
 22315 | Spider:2 | Reached skill level 9 in Hexes
 22341 | Spider:2 | actually scattershot won't do shit with no evo
 22687 | Spider:2 | The entropy weaver hits itself. The entropy weaver hits itself! The entropy weaver hits itself. The entropy weaver is killed!
 22727 | Spider:2 | ?
 22756 | Spider:2 | HP: 22/114 [jumping spider (17)]
 23125 | Spider:3 | Reached skill level 6 in Invocations
 23125 | Spider:3 | Reached XP level 17. HP: 119/119 MP: 15/21
 23527 | Spider:3 | Learned a level 3 spell: Regeneration
 23559 | Spider:3 | Reached skill level 17 in Long Blades
 23562 | Spider:3 | Reached skill level 12 in Fighting
 24091 | Spider:3 | this is going to be a HUGE disaster
 24159 | Spider:4 | Entered Level 4 of the Spider Nest
 24295 | Spider:4 | Reached skill level 1 in Necromancy
 24339 | Spider:4 | Reached skill level 2 in Necromancy
 24372 | Spider:4 | HP: 22/119 [wolf spider (5)]
 24636 | Spider:4 | Reached skill level 3 in Necromancy
 24980 | Spider:4 | >jumping spider leaps
 24980 | Spider:4 | how fun
 24992 | Spider:4 | it literally waited out the whole duraiton of spectral weapon and still jumps around without doing anything
 25296 | Spider:4 | Reached skill level 4 in Necromancy
 25308 | Spider:4 | HP: 24/121 [entropy weaver (11)]
 25986 | Spider:4 | HP: 20/121 [spark wasp (13)]
 26361 | Spider:4 | Reached skill level 18 in Long Blades
 26372 | Spider:4 | Reached skill level 5 in Necromancy
 26565 | Spider:4 | Reached XP level 18. HP: 121/127 MP: 10/22
 26780 | Spider:4 | Got a gossamer rune of Zot
 27308 | Swamp:4  | ok, i think i've had enough for now
 27308 | Swamp:4  | no helmets, boots or cloaks in the game so far
 27308 | Swamp:4  | Upgraded the game from 0.22-a0-351-g29664b4 to 0.22-a0-352-gc608dd7
 27318 | Swamp:4  | Reached skill level 13 in Fighting
 27586 | Swamp:4  | Reached skill level 9 in Dodging
 27933 | Swamp:4  | ????????
 27933 | Swamp:4  | how the fuck?
 27933 | Swamp:4  | it's closed off and i cleared it
 27976 | Swamp:3  | huh
 28105 | Swamp:4  | Noticed Mara
 28106 | Swamp:4  | oh
 28106 | Swamp:4  | really?
 28118 | Swamp:3  | jorgrun AND mara
 28118 | Swamp:3  | boy oh boy
 28343 | Swamp:4  | HP: 22/129 [swamp worm/harpoon shot[a spriggan druid] (9)]
 28345 | Swamp:4  | i really don't get it
 28345 | Swamp:4  | how come there are so many here
 28348 | Swamp:4  | HP: 23/129 [hornet[a spriggan druid] (7)]
 28540 | Swamp:4  | Got a decaying rune of Zot
 28664 | Lair:4   | great resists
 29118 | Vaults:1 | Entered Level 1 of the Vaults
 29119 | Vaults:1 | i'll be extremely surprised if i live through this
 29235 | Vaults:1 | Noticed Saint Roka
 29235 | Vaults:1 | oh
 29235 | Vaults:1 | that's a problem
 29283 | Vaults:1 | 14% paralyze on great orb of eyes
 29283 | Vaults:1 | dis gon b so fun
 29287 | Vaults:1 | Reached skill level 4 in Charms
 29437 | Vaults:1 | Reached skill level 19 in Long Blades
 29592 | Vaults:1 | huh
 29941 | Vaults:1 | Learned a level 3 spell: Tukima's Dance
 29941 | Vaults:1 | tukima's will be good here
 30062 | Vaults:1 | Killed Saint Roka
 30074 | Vaults:1 | like i said, useful
 30201 | Vaults:1 | Reached XP level 19. HP: 121/135 MP: 23/23
 30558 | Vaults:1 | Reached skill level 10 in Hexes
 30792 | Vaults:1 | Reached skill level 14 in Fighting
 31344 | Vaults:2 | HP: 26/136 [stone giant (32)]
 31348 | Vaults:2 | ehhh
 31647 | Vaults:2 | Reached skill level 20 in Long Blades
 31929 | Vaults:2 | Found a staircase to the Crypt.
 31929 | Vaults:2 | Found a basalt altar of Yredelemnul.
 31930 | Vaults:2 | Found an ancient bone altar of Kikubaaqudgha.
 31980 | Vaults:2 | heh
 31980 | Vaults:2 | i opened the door, half hp gone
 32013 | Vaults:2 | my ancestor kills everything while i stay far away
 32013 | Vaults:2 | so much for training long blades
 32013 | Vaults:2 | but hey, a goal is a goal
 32169 | Vaults:2 | Noticed a lich
 32170 | Vaults:2 | hm
 32201 | Vaults:2 | Killed a lich
 32554 | Vaults:2 | Reached skill level 10 in Dodging
 32925 | Vaults:3 | Found Kilisy Tiddo's Antique Weapon Emporium.
 32960 | Vaults:3 | Reached skill level 11 in Dodging
 32987 | Vaults:3 | Reached skill level 4 in Spellcasting
 32987 | Vaults:3 | Reached XP level 20. HP: 127/143 MP: 19/26
 33046 | Vaults:3 | Reached skill level 5 in Spellcasting
 33055 | Vaults:3 | Learned a level 6 spell: Simulacrum
 33286 | Vaults:3 | Reached skill level 1 in Ice Magic
 33439 | Vaults:3 | i am a discount vampire now
 33677 | Vaults:3 | Reached skill level 2 in Ice Magic
 33950 | Vaults:3 | F I F T Y O N E P E R C E N T
 33970 | Vaults:3 | hmmmmmmmmmmmmmm
 34071 | Vaults:3 | Upgraded the game from 0.22-a0-352-gc608dd7 to 0.22-a0-354-g30dfbe6
 34071 | Vaults:3 | is getting simulacrum online even feasible with swamp ds and 15 str
 34071 | Vaults:3 | well whatever
 34528 | Vaults:3 | Reached skill level 6 in Necromancy
 34657 | Vaults:3 | Reached skill level 3 in Ice Magic
 34898 | Vaults:3 | fifty one percent etc.
 34948 | Vaults:3 | HP: 26/144 [acid (18)]
 34957 | Vaults:3 | wand of acid and potion of curing
 34957 | Vaults:3 | sure why not
 35418 | Vaults:4 | Reached skill level 4 in Ice Magic
 35473 | Vaults:4 | oh, a helmet
 35473 | Vaults:4 | wow
 35528 | Vaults:4 | a useful amulet too, wow
 35542 | Vaults:4 | T W E N T Y A C
 35575 | Vaults:4 | F I F T E E N P E R C E N T
 35747 | Vaults:4 | Reached skill level 7 in Necromancy
 35905 | Vaults:4 | Reached skill level 5 in Ice Magic
 35939 | Vaults:4 | best idea ever
 36196 | Vaults:4 | Reached XP level 21. HP: 123/150 MP: 16/28
 36280 | Vaults:4 | Reached skill level 1 in Armour
 36322 | Vaults:4 | Reached skill level 2 in Armour
 36439 | Vaults:4 | Reached skill level 3 in Armour
 36504 | Vaults:4 | Got a smoking golden ring
 36505 | Vaults:4 | Identified the ring of Sloth {AC+3 Int+4} (You found it on level 4 of the Vaults)
 36539 | Vaults:4 | Reached skill level 4 in Armour
 36623 | Vaults:4 | Reached skill level 5 in Armour
 36784 | Vaults:4 | Reached skill level 21 in Long Blades
 37118 | Vaults:4 | wew
 37351 | Vaults:4 | Reached skill level 15 in Fighting
 37444 | Vaults:4 | Reached skill level 6 in Armour
 37592 | Vaults:4 | and that's it, 21/18/0, MR++, no resists, elf, crypt or depths
 37592 | Vaults:4 | should've just get maces and shields as always
 37886 | Orc:2    | maybe there will be shops or something
 37961 | D:9      | Bought a potion of curing for 39 gold pieces
 37961 | D:9      | Bought a potion of curing for 39 gold pieces
 38099 | D:12     | Bought a potion of curing for 42 gold pieces
 38099 | D:12     | Bought a potion of curing for 42 gold pieces
 38205 | Elf:1    | Entered Level 1 of the Elven Halls
 38207 | Elf:1    | >the human blade
 38207 | Elf:1    | pretty cool
 39560 | Elf:2    | Reached skill level 7 in Armour
 39714 | Elf:2    | Found a deep blue altar of Sif Muna.
 39757 | Elf:2    | Found Cusa's Antique Weapon Emporium.
 39976 | Elf:2    | Reached XP level 22. HP: 122/158 MP: 19/29
 40033 | Elf:3    | Entered Level 3 of the Elven Halls
 40047 | Elf:2    | ok how do i do elf 3 tho
 40103 | Elf:3    | Noticed Bai Suzhen
 40106 | Elf:3    | fuuuuuckkkkkkkkkkkkkkkkkkkkkkkkkkkkkkk
 40126 | Elf:3    | Killed Bai Suzhen
 40133 | Elf:3    | Found Fitil's Book Boutique.
 40627 | Elf:3    | WELL
 40627 | Elf:3    | I SURE HOPE I WON'T DIE LIKE A BITCH
 40666 | Elf:3    | Reached skill level 22 in Long Blades
 40681 | Elf:3    | y i k e s
 40685 | Elf:3    | timmy the destroyer
 40814 | Elf:3    | can't help him fight sorcerers because lol MR
 40859 | Elf:3    | good old reflection
 40950 | Elf:3    | Identified the +11 chain mail "Geehefo" {rElec} (You took it off a deep elf high priest on level 3 of the Elven Halls)
 40951 | Elf:3    | wew
 41433 | Elf:3    | >maxwell's thermic engine
 41536 | Elf:3    | Got a crude bronze ring
 41537 | Elf:3    | Identified the cursed ring of Zyeczus {Int+4 Dex-2 Stlth+} (You took it off a deep elf elementalist on level 3 of the Elven Halls)
 41617 | Elf:3    | Reached skill level 16 in Fighting
 41698 | Elf:3    | boy oh boy
 41698 | Elf:3    | Identified the +7 crystal plate armour "Favaotoj" {SInv} (You took it off a deep elf blademaster on level 3 of the Elven Halls)
 41699 | Elf:3    | eh
 41773 | Elf:3    | Bought a manual of Fighting for 1876 gold pieces
 41773 | Elf:3    | H E L L O
 41842 | Elf:3    | Got a smelly plate armour
 41857 | Elf:3    | Identified the cursed +1 plate armour "Ynatwuta" {rElec rF- Dex+3} (You took it off a deep elf blademaster on level 3 of the Elven Halls)
 41925 | Elf:3    | fucking double sword
 42000 | Elf:3    | Identified the Reference Book on Fascination and the Blaze
 42016 | Elf:3    | Identified the Handbook of Twisted Execration
 42020 | Elf:3    | Learned a level 1 spell: Animate Skeleton
 42023 | Elf:3    | Identified the +1 ring mail "Uxeamayd" {MR- Str+3 Int+4} (You found it on level 3 of the Elven Halls)
 42024 | Elf:3    | suuure
 42041 | Elf:3    | Identified the Papyrus of Lethal Execration
 42044 | Elf:3    | Identified the +3 scale mail of the Heron {Regen+ Str+5} (You found it on level 3 of the Elven Halls)
 42259 | D:13     | Bought a scroll of enchant armour for 120 gold pieces
 42259 | D:13     | Bought a scroll of enchant armour for 120 gold pieces
 42432 | Depths:1 | Entered Level 1 of the Depths
 42679 | Depths:1 | Found a one-way gate to the infinite horrors of the Abyss.
 42763 | Depths:1 | Found a gateway to Hell.
 43106 | Depths:1 | hm
 43106 | Depths:1 | closed off vault
 43260 | Depths:1 | Reached XP level 23. HP: 164/167 MP: 30/30
 43289 | Depths:1 | Reached skill level 17 in Fighting
 43301 | Depths:1 | Identified the +7 great sword of Yzac {slice, rElec Int+9 Dex-5} (You took it off an ogre mage on level 1 of the Depths)
 43302 | Depths:1 | change that - into + and i'm wearing it
 43655 | D:7      | Bought a cursed ring of protection from cold for 330 gold pieces
 43931 | Depths:2 | Reached skill level 23 in Long Blades
 44173 | Depths:2 | Learned a level 2 spell: Passwall
 44452 | Depths:2 | Reached skill level 1 in Transmutations
 44452 | Depths:2 | Reached skill level 1 in Earth Magic
 44599 | Depths:2 | Reached skill level 2 in Transmutations
 44634 | Depths:2 | owwwww
 44644 | Depths:2 | i don't like where this is going
 44775 | Depths:2 | Reached skill level 2 in Earth Magic
 44930 | Depths:2 | Noticed Nikola
 44931 | Depths:2 | :/
 44934 | Depths:2 | nonononononononon
 44943 | Depths:2 | Killed Nikola
 45025 | Depths:2 | fun
 45025 | Depths:2 | Upgraded the game from 0.22-a0-354-g30dfbe6 to 0.22-a0-355-g201945f
 45054 | Depths:2 | Reached skill level 3 in Transmutations
 45054 | Depths:2 | Reached skill level 3 in Earth Magic
 45060 | Depths:2 | it's probably time to stop deluding myself i'm a caster
 45060 | Depths:2 | with those almost 24 in long blades
 45075 | Depths:2 | vampire knight, y i k e s
 45079 | Depths:2 | 6%? wow, my MR sure got better with levels
 45079 | Depths:2 | must be high ++
 45687 | Depths:2 | hmmm
 45687 | Depths:2 | these lead to that closed off vault, don't they
 45701 | Depths:1 | ah, it's only this
 45701 | Depths:1 | the staff vault
 45705 | Depths:1 | sure looked like something bigger
 45924 | Depths:3 | Reached skill level 18 in Fighting
 46105 | Depths:3 | Found a transporter.
 46114 | Depths:3 | oh boyyyy
 46114 | Depths:3 | this looks tempting as all hell
 46125 | Depths:3 | but holy shit transporter vaults in zot
 46131 | Depths:3 | i mean in depths
 46186 | Depths:2 | yeahhh, i'm not fighting a hasted mighted iron troll alone
 46418 | Depths:3 | Reached skill level 19 in Fighting
 46461 | Depths:3 | 10% on agony
 46461 | Depths:3 | gee whiz
 46466 | Depths:3 | i wonder which bolt he has, i have to choose one
 46747 | Depths:3 | Found a one-way gate leading to the halls of Pandemonium.
 46817 | Depths:3 | Identified a scroll of acquirement
 46869 | Depths:2 | B O O T S
 46869 | Depths:2 | now cloak plz
 46870 | Depths:2 | nope, it's another helmet
 46870 | Depths:2 | i guess i will get cloaks in zot
 46870 | Depths:2 | from draconians
 46870 | Depths:2 | ha ha
 46881 | Depths:2 | sinv or 2 ac
 46881 | Depths:2 | hm
 46881 | Depths:2 | whatever, i'll take sinv
 47059 | Depths:3 | Found a transporter.
 47068 | Depths:3 | ahhh
 47068 | Depths:3 | it's the zot transporter vault
 47068 | Depths:3 | ha ha
 47068 | Depths:3 | no thanks
 47088 | Depths:3 | Reached XP level 24. HP: 136/182 MP: 28/30
 47092 | Depths:3 | Reached skill level 20 in Fighting
 47203 | Depths:4 | shops!
 47203 | Depths:4 | and a wizlab
 47244 | Depths:4 | and a spriggan pack, Y I K E S
 47367 | Depths:4 | Found a magical portal.
 47435 | Depths:4 | oh fuck off
 47491 | Depths:4 | Reached skill level 7 in Invocations
 47579 | WizLab   | Entered Doroklohe's Tomb
 47580 | WizLab   | of course it's this shit
 47589 | WizLab   | yeah no
 47589 | WizLab   | demon one
 47589 | WizLab   | might check one or two places and then i'm getting the fuck outta here
 47614 | WizLab   | >cacodemon
 47614 | WizLab   | see ya
 47616 | Depths:4 | fuck it
 47698 | Depths:4 | Reached skill level 8 in Armour
 47710 | Depths:4 | Found Legayx's General Store.
 47713 | Depths:4 | Found Nedubufo's Book Boutique.
 47719 | Depths:4 | oh, NOW there are summoning and transloc books
 47719 | Depths:4 | yeah too late no cash
 47758 | Depths:4 | Found Noshrahaf's Distillery.
 47824 | Depths:4 | Found a gateway to a ziggurat.
 47866 | Depths:4 | Reached skill level 12 in Dodging
 47946 | Depths:4 | Found Siroladd's Weapon Shop.
 48033 | Depths:5 | Entered Level 5 of the Depths
 48188 | Depths:5 | huh?
 48188 | Depths:5 | ok, this is bad
 48188 | Depths:5 | level sliced in two, only one stairs lead to the proper part of u:5
 48188 | Depths:5 | and it's all undiggable stone
 48188 | Depths:5 | great
 48290 | Depths:4 | Bought a potion of berserk rage for 55 gold pieces
 48290 | Depths:4 | Bought a potion of invisibility for 88 gold pieces
 48354 | Depths:4 | Reached skill level 8 in Invocations
 48378 | Depths:5 | Noticed a caustic shrike
 48378 | Depths:5 | oh no
 48378 | Depths:5 | non nonononononononononononon
 48379 | Depths:5 | Noticed a caustic shrike
 48380 | Depths:5 | Noticed a caustic shrike
 48380 | Depths:5 | Noticed a caustic shrike
 48386 | Depths:5 | Killed a caustic shrike
 48391 | Depths:5 | Killed a caustic shrike
 48391 | Depths:5 | Reached skill level 9 in Armour
 48397 | Depths:5 | Killed a caustic shrike
 48399 | Depths:5 | Killed a caustic shrike
 48400 | Depths:5 | yep, haste/agi/might on sight
 48710 | Depths:5 | Noticed a juggernaut
 48711 | Depths:5 | sgfsgdsgsdg
 48713 | Depths:5 | good luck timmy!
 48717 | Depths:5 | doing pretty good actually
 48721 | Depths:5 | Killed a juggernaut
 48722 | Depths:5 | he doesn't even need me does he
 48756 | Depths:5 | CLOAKS
 48756 | Depths:5 | i mean draconians
 48774 | Depths:5 | Reached skill level 13 in Dodging
 48829 | Depths:5 | Reached skill level 10 in Armour
 48849 | Depths:5 | did only knights have cloaks? damn
 48900 | Depths:5 | nope, not only knights
 48901 | Depths:5 | U:5, xl 24, first cloak in the game obtained
 48914 | Depths:5 | 27/20/0
 48914 | Depths:5 | eh, somehow looks halfway decent
 49124 | Depths:5 | Found a gate to the Realm of Zot.
 49228 | Depths:5 | ok, let's try crypt (this is going to be a disaster
 49228 | Depths:5 | )
 49546 | Crypt:1  | Entered Level 1 of the Crypt
 49556 | Crypt:1  | Identified the Compendium of the Boosting Rocks
 49829 | Crypt:1  | Reached XP level 25. HP: 143/189 MP: 23/30
 49913 | Crypt:1  | tough luck
 49941 | Crypt:1  | Reached skill level 11 in Armour
 50182 | Crypt:1  | Reached skill level 14 in Dodging
 50240 | Crypt:1  | sdrgdsfgsdfg
 50458 | Crypt:1  | >manual of shields
 50820 | Crypt:2  | Reached skill level 12 in Armour
 51031 | Crypt:2  | 3 skulls already
 51067 | Crypt:2  | the relevant ones, that is
 51232 | Crypt:3  | Entered Level 3 of the Crypt
 51424 | Crypt:3  | Paralysed by a vampire knight for 3 turns
 51470 | Crypt:3  | Found a staircase to the Tomb.
 51594 | Crypt:3  | Reached skill level 21 in Fighting
 51810 | Crypt:3  | Reached skill level 15 in Dodging
 52036 | Crypt:3  | Reached XP level 26. HP: 194/198 MP: 28/30
 52236 | Crypt:3  | Identified the ring "Kuyckum" {+Fly rN+ Str-4 Int+2} (You took it off a skeletal warrior on level 3 of the Crypt)
 52237 | Crypt:3  | :/
 52267 | Crypt:3  | Found a basalt altar of Yredelemnul.
 52341 | Crypt:3  | Reached skill level 13 in Armour
 52360 | Crypt:3  | Reached skill level 1 in Throwing
 52468 | Crypt:3  | Reached skill level 2 in Throwing
 52654 | Crypt:3  | Reached skill level 3 in Throwing
 52666 | Crypt:3  | Got a transparent lead ring
 52667 | Crypt:3  | Identified the ring "Fuzarus" {rC- rN+ Str+4 Dex+6} (You took it off a skeletal warrior on level 3 of the Crypt)
 52668 | Crypt:3  | ...
 52668 | Crypt:3  | why can't this game have one good item
 52668 | Crypt:3  | it gave me Rupert with triple holy sword
 52668 | Crypt:3  | and that's it
 52668 | Crypt:3  | all there was
 52668 | Crypt:3  | everything else has to have a minus
 52717 | Crypt:3  | Identified the +2 shield of Makhleb {MP+9 Str+2 Int-3 SInv} (You took it off a vampire mage on level 3 of the Crypt)
 52731 | Crypt:3  | Identified the Collected Works on Unholy Arts
 52733 | Crypt:3  | Identified Qouqaso's Tome of the Warped Birds
 53461 | Lair:6   | no wait
 53461 | Lair:6   | how do i do this
 53461 | Lair:6   | i can't have even LOWER mr
 53461 | Lair:6   | or can i
 53475 | Lair:6   | i don't think 21/20/0 is acceptable
 53475 | Lair:6   | in slime
 53485 | Lair:6   | ok, i'll just bet on not meeting golden eyes
 53529 | Lair:5   | Reached skill level 4 in Throwing
 53558 | Slime:1  | Entered Level 1 of the Pits of Slime
 53801 | Slime:3  | uh
 53889 | Slime:4  | so far, so good
 53906 | Slime:5  | Entered Level 5 of the Pits of Slime
 53959 | Slime:5  | 7 blinks
 53959 | Slime:5  | shouldn't be stingy with them here
 53959 | Slime:5  | they won't do shit in zot anyway
 53983 | Slime:5  | Noticed the Royal Jelly
 53984 | Slime:5  | Found a viscous altar of Jiyva.
 53994 | Slime:5  | Reached skill level 5 in Throwing
 54010 | Slime:5  | Killed the Royal Jelly
 54028 | Slime:5  | Reached skill level 14 in Armour
 54048 | Slime:5  | Reached skill level 9 in Invocations
 54102 | Slime:4  | motherfucking timmy
 54104 | Slime:5  | Gained mutation: Scrolls take you a little longer to read. [a shining eye]
 54113 | Slime:5  | Reached skill level 6 in Throwing
 54151 | Slime:5  | Identified the Collected Works on Evil Magic and Bewitchment
 54157 | Slime:5  | Got a slimy rune of Zot
 54196 | Slime:5  | Identified the cursed +2 rapier "Cookie Cutter" {protect, rPois rN+ Str+2} (You found it on level 5 of the Pits of Slime)
 54209 | Slime:5  | Identified the +3 falchion of Winter {slice, Str+5} (You found it on level 5 of the Pits of Slime)
 54221 | Slime:5  | Identified the +5 great sword of Sasil {slice, Fragile rF+ MR+++ Dex+4} (You found it on level 5 of the Pits of Slime)
 54221 | Slime:5  | huh
 54221 | Slime:5  | >fragile
 54288 | Slime:5  | Identified the cursed +0 scale mail "Juodues" {*Contam rC+ Int+8 Stlth-} (You found it on level 5 of the Pits of Slime)
 54296 | Slime:5  | i think i WILL train evo after all
 54418 | Lair:5   | sooo, zot now?
 54418 | Lair:5   | ugh
 54418 | Lair:5   | Lost mutation: Scrolls take you a little longer to read. [potion of mutation]
 54418 | Lair:5   | Gained mutation: You are agile. (Dex +2) [potion of mutation]
 54418 | Lair:5   | Gained mutation: Your spells are a little harder to cast, but a little more powerful. [potion of mutation]
 54535 | D:9      | Bought a potion of mutation for 104 gold pieces
 54893 | Zot:1    | Entered Level 1 of the Realm of Zot
 55091 | Zot:3    | ugh
 55091 | Zot:3    | this will not be fun
 55097 | Zot:3    | uh
 55104 | Zot:2    | shit
 55136 | Zot:2    | Reached skill level 3 in Evocations
 55182 | Zot:2    | Reached XP level 27. HP: 97/207 MP: 28/30
 55578 | Zot:3    | Reached skill level 4 in Evocations
 55634 | Zot:3    | i really don't want to do this
 55636 | Zot:3    | look at all this shit
 55776 | Zot:3    | Reached skill level 10 in Invocations
 55802 | Zot:3    | they killed timmy! you bastards!
 55914 | Zot:3    | Reached skill level 22 in Fighting
 55952 | Zot:3    | Y I K E S
 56112 | Zot:3    | Reached skill level 15 in Armour
 56112 | Zot:3    | Reached skill level 5 in Evocations
 56198 | Zot:2    | i literally almost killed it with riposte before managing to confuse it
 56198 | Zot:2    | 0.09% chance btw
 56618 | Zot:3    | Reached skill level 6 in Evocations
 57008 | Zot:3    | Reached skill level 16 in Dodging
 57016 | Zot:3    | Reached skill level 7 in Evocations
 57098 | Zot:3    | good
 57111 | Zot:4    | hm?
 57111 | Zot:4    | portal?
 57191 | Zot:4    | Identified the +2 helmet "Gouger" {rCorr Int+3} (You found it on level 4 of the Realm of Zot)
 57192 | Zot:4    | oh
 57192 | Zot:4    | well that would be useful a bit earlier
 57212 | Zot:4    | here we go again
 57212 | Zot:4    | >58%
 57221 | Zot:4    | at least it only took 5 tries thsi time
 57238 | Zot:4    | >manual of long blades
 57238 | Zot:4    | yeah why not
 57247 | Zot:4    | Found Faot's Changing Room.
 57252 | Zot:4    | it's actually a shop, in zot
 57252 | Zot:4    | of course it's a vault, but still
 57334 | Zot:4    | Reached skill level 8 in Evocations
 57356 | Zot:4    | >cloak of invisibility
 57356 | Zot:4    | damn
 57356 | Zot:4    | evo full speed ahead
 57393 | Zot:4    | Bought a potion of mutation for 160 gold pieces
 57393 | Zot:4    | Bought a potion of mutation for 160 gold pieces
 57643 | Zot:4    | Reached skill level 16 in Armour
 57655 | Zot:4    | >F I F T Y E I G H T
 57783 | Zot:4    | 8 attempts this time
 57783 | Zot:4    | + miscast at
 57783 | Zot:4    | 1%
 57783 | Zot:4    | :)
 57942 | Zot:5    | Entered Level 5 of the Realm of Zot
 57944 | Zot:5    | gl hf and all that
 57944 | Zot:5    | good stairs tho
 57956 | Zot:5    | Reached skill level 9 in Evocations
 58006 | Zot:5    | suddenly 32 AC without prot rings
 58006 | Zot:5    | wow
 58006 | Zot:5    | actually looks like a capable character now
 58022 | Zot:5    | 20 scrolls of teleportation by the way
 58291 | Zot:5    | okay
 58291 | Zot:5    | the easy part is done
 58344 | Zot:5    | Reached skill level 10 in Evocations
 58382 | Zot:5    | Noticed an ancient lich
 58392 | Zot:5    | HP: 23/207 [ancient lich/bolt of acid (22)]
 58393 | Zot:5    | gg
 58401 | Zot:5    | Killed an ancient lich
 58401 | Zot:5    | Reached skill level 11 in Evocations
 58402 | Zot:5    | jesus
 58427 | Zot:5    | my hp pool just melted
 58554 | Zot:5    | Noticed an orb of fire
 58654 | Zot:5    | if only i was sure there's no electric golems around
 58654 | Zot:5    | i would just switch to that great sword and do the whole level with it
 58670 | Zot:5    | i think i'll do it anyway
 58695 | Zot:5    | now where's that fucking orb
 58748 | Zot:5    | Noticed an ancient lich
 58774 | Zot:5    | HP: 29/207 [ancient lich/bolt of lightning (71)]
 58774 | Zot:5    | Killed an ancient lich
 58774 | Zot:5    | Reached skill level 12 in Evocations
 58775 | Zot:5    | ow?
 58775 | Zot:5    | >71
 58775 | Zot:5    | R E S I S T A N C E S D O N ' T M A T T E R
 59025 | Zot:5    | Noticed an orb of fire
 59037 | Zot:5    | Killed an orb of fire
 59038 | Zot:5    | ah, okay
 59038 | Zot:5    | i need to stand on the opposite side
 59245 | Zot:5    | Noticed an orb of fire
 59267 | Zot:5    | Gained mutation: Armour fits poorly on your strangely shaped body. [an orb of fire]
 59272 | Zot:5    | Gained mutation: Your body sometimes deteriorates upon taking damage. [an orb of fire]
 59273 | Zot:5    | Killed an orb of fire
 59280 | Zot:5    | ow
 59282 | Zot:5    | that's -4 ac
 59282 | Zot:5    | but fuck it
 59406 | Zot:5    | shit
 59406 | Zot:5    | that's what i hoped to avoid
 59414 | Zot:5    | Reached skill level 24 in Long Blades
 59415 | Zot:5    | The electric golem barely misses your mature batsting beast. The electric golem hits your mature batsting beast. The electric golem shocks your mature batsting beast!! The electric golem hits your mature batsting beast. Your mature batsting beast dies!
 59415 | Zot:5    | scary shit
 59445 | Zot:5    | Noticed an orb of fire
 59464 | Zot:5    | Killed an orb of fire
 59511 | Zot:5    | that's three
 59556 | Zot:5    | Noticed an orb of fire
 59556 | Zot:5    | uh
 59576 | Zot:5    | Killed an orb of fire
 59610 | Zot:5    | good thing i have so much haste
 59610 | Zot:5    | this fight didn't go nearly as well as the others
 59742 | Zot:5    | Noticed an orb of fire
 59742 | Zot:5    | Gained mutation: You tend to lose your temper in combat. [an orb of fire]
 59749 | Zot:4    | not good at all
 59772 | Zot:5    | Gained mutation: Scrolls take you a little longer to read. [an orb of fire]
 59778 | Zot:5    | Gained mutation: Your magical capacity is low. (-10% MP) [an orb of fire]
 59780 | Zot:5    | Killed an orb of fire
 59811 | Zot:5    | that's five
 59811 | Zot:5    | i've had quite a decent amount of games that didn't have more orbs than that in zot 5
 59811 | Zot:5    | i'm totally ready for them to run out RIGHT NOW
 59811 | Zot:5    | :<
 59816 | Zot:5    | Lost mutation: You tend to lose your temper in combat. [potion of mutation]
 59816 | Zot:5    | Lost mutation: Your magical capacity is low. (-10% MP) [potion of mutation]
 59816 | Zot:5    | Lost mutation: Scrolls take you a little longer to read. [potion of mutation]
 59816 | Zot:5    | Lost mutation: Your spells are a little harder to cast, but a little more powerful. [potion of mutation]
 59816 | Zot:5    | Gained mutation: You can translocate small distances at will. [potion of mutation]
 59817 | Zot:5    | ok, this is acceptable
 60005 | Zot:5    | Noticed an orb of fire
 60009 | Zot:5    | number six
 60036 | Zot:5    | Killed an orb of fire
 60036 | Zot:5    | Reached skill level 23 in Fighting
 60219 | Zot:5    | are you fucking sure this is just deterioration 1?
 60219 | Zot:5    | because it fucking kicks in all the damn time
 60256 | Zot:5    | Reached skill level 25 in Long Blades
 60313 | Zot:5    | 4 haste left
 60313 | Zot:5    | still a lot
 60353 | Zot:5    | Reached skill level 7 in Throwing
 60430 | Zot:5    | Paralysed by a Zot trap for 5 turns
 60440 | Zot:5    | really
 60440 | Zot:5    | hm
 60442 | Zot:5    | Noticed an orb of fire
 60451 | Zot:5    | Killed an orb of fire
 60453 | Zot:5    | seven
 60518 | Zot:5    | eight
 60535 | Zot:5    | Killed an orb of fire
 60537 | Zot:5    | 3 haste left
 60668 | Zot:5    | okay!
 60668 | Zot:5    | now check the level again
 60748 | Zot:5    | Noticed an orb of fire
 60748 | Zot:5    | nine
 60760 | Zot:5    | Killed an orb of fire
 60760 | Zot:5    | Reached skill level 8 in Throwing
 60762 | Zot:5    | nine of them
 60903 | Zot:5    | ok, let's assume there will be no other orbs
 60906 | Zot:5    | Lost mutation: Armour fits poorly on your strangely shaped body. [potion of mutation]
 60906 | Zot:5    | Lost mutation: You are agile. (Dex +2) [potion of mutation]
 60906 | Zot:5    | Lost mutation: You can translocate small distances at will. [potion of mutation]
 60906 | Zot:5    | Gained mutation: Your movements are slightly less encumbered by armour. (ER -2) [potion of mutation]
 60906 | Zot:5    | Gained mutation: You are agile. (Dex +2) [potion of mutation]
 60907 | Zot:5    | hm
 60907 | Zot:5    | ok, whatever
 60909 | Zot:5    | no way i'm taking off that sword, i would rather avoid random para from pan lords
 60909 | Zot:5    | ok, let's go
 60909 | Zot:5    | Got the Orb of Zot
 60975 | Zot:5    | Noticed Tompedwu the pandemonium lord
 60975 | Zot:5    | very fast, tons of evasion
 61005 | Zot:5    | Killed Tompedwu the pandemonium lord
 61099 | Zot:3    | Noticed Oxian the pandemonium lord
 61101 | Zot:3    | is this firestorm
 61101 | Zot:3    | why yes it is
 61106 | Zot:3    | did he cast it 3 turns in a row
 61108 | Zot:3    | HP: 10/212 [Oxian the pandemonium lord/great blast of fire (42)]
 61109 | Zot:3    | like what am i supposed to do
 61109 | Zot:3    | he just spams it
 61109 | Zot:3    | five firestorms
 61109 | Zot:3    | Killed from afar by Oxian the pandemonium lord

Vault maps used:
D:1:      minmay_arrival_semitransparent
D:3:      nicolae_ru_the_path_less_chosen
D:4:      minmay_temple_entry_hall, gup_ossuary_entry_pyramid, uniq_duvessa,
          uniq_menkaure, uniq_sigmund
D:5:      kennysheep_kobold_camp, first_ration, serial_shops,
          nicolae_shop_behind_doors, nicolae_shop_trees, patterned_corridor
D:6:      cheibrodos_two_vegetables, minmay_misc_feat_ornament,
          hangedman_glass_teeth, uniq_eustachio
D:7:      serial_shops, kennysheep_mini, serial_glass, glass_columns_c,
          glass_columns_b, glass_columns_b, glass_columns_b, glass_columns_a,
          glass_columns_a, glass_columns_a, glass_columns_b
D:8:      uniq_grum
D:9:      grunt_temple_overflow_open, cheibrodos_ashenzari_chains,
          lair_entry_dummy, serial_shops, shop, hangedman_little_slice_of_home,
          uniq_erolcha
D:10:     orc_0_dummy, grunt_dithmenos_smoke
D:11:     enter_bailey_8
D:12:     nicolae_good_shop
D:13:     david_vaults_5, basic_altar, serial_shops, shop,
          kennysheep_big_empty_room
D:14:     minivault_26, lemuel_centaur_altar, uniq_rupert, uniq_roxanne
D:15:     grunt_enter_depths_giant_problem, tso_metal_star
Temple:   minmay_temple_curvy_branch
Lair:1:   special_room, st_stairs_8, lemuel_fruit_fields, serial_bayou_shore_b,
          grunt_megastairs_3
Lair:2:   basic_altar, nicolae_volcano_entry_lava_flow,
          infiniplex_staircase_pool_2, grunt_megastairs_4
Lair:3:   nicolae_spider_entry_non_spiders
Lair:4:   minmay_swamp_entry_worms, lemuel_fruit_tree, lemuel_fruit_fields
Lair:5:   minmay_slime_entry_oklob_open, portal_ice_cave_entry_pillars_1,
          minmay_lair_oklob_chamber, grunt_megastairs_1
Lair:6:   minmay_lair_end_frog_pond, lab_entry_generic,
          infiniplex_staircase_pool
Swamp:1:  hangedman_swamp_blocks, uniq_kirke
Swamp:2:  serial_swamp_ruin, evilmike_swamp_ruin_rubble_1,
          evilmike_swamp_ruin_house_6, evilmike_swamp_ruin_rubble_2,
          nicolae_swamp_dense_foliage
Swamp:3:  evilmike_swamp_ruin_house_5, swamp_pool1
Swamp:4:  swamp, uniq_mara, uniq_jorgrun
Spider:2: nicolae_spider_cling_ruins
Spider:4: grunt_spider_rune_parallel, spider_trap
Slime:1:  nicolae_slime_barrier
Slime:2:  nicolae_slime_phagocytosis
Orc:1:    basic_altar
Orc:2:    st_orc_town, basic_altar, mines2_david
Elf:1:    minivault_28
Elf:2:    basic_altar, serial_shops, shop
Elf:3:    minmay_elf_hall_x, serial_shops, shop, uniq_bai_suzhen
Vaults:1: ontoclasm_vaults_bender, v_rooms_2, hangedman_vaults_cutoff,
          v_misc_30, dpeg_vaults_monster_row, ontoclasm_vaults_ligature,
          dpeg_vaults_monster_box, vaults_mumra_hex, vaults_dpeg_cross,
          nicolae_vaults_quartermaster, v_misc_22, nicolae_vaults_circle_grid_a,
          uniq_saint_roka
Vaults:2: kb_rosetta, minmay_crypt_entry_necro_gods, hangedman_vaults_impose,
          ontoclasm_vaults_claustrophobia, hangedman_vaults_locks,
          hangedman_vaults_nails, vaults_dpeg_ring
Vaults:3: v_misc_15, v_misc_27, hangedman_vaults_pinch, v_pattern_1,
          nicolae_vaults_statue_guard, ontoclasm_vaults_shuriken, v_misc_28,
          hangedman_vaults_capsules, nicolae_vaults_border_crossing,
          serial_shops, nicolae_shop_behind_doors
Vaults:4: nicolae_vaults_specimen_jars, v_pattern_5, vaults_dpeg_diagonal,
          nicolae_vaults_windows_and_doors_thing, hangedman_vaults_corner,
          v_misc_26, vaults_dpeg_doors, v_misc_5, v_misc_16,
          nicolae_vaults_little_squares_3, vaults_dpeg_encased_lava, v_misc_5,
          special_room_vaults, nicolae_vaults_back_hallway
Crypt:1:  minmay_skeleton_keep, grunt_crypt_arrival_webbed
Crypt:2:  grunt_megastairs_2
Crypt:3:  church_of_pain_bobbens, grunt_ministairs_13
Depths:1: hell_entry, abyss_entry_crystal, minmay_crystal_water,
          minmay_strange_pillars, minivault_22,
          minmay_checkered_concentric_circles, firewood_loft
Depths:2: hangedman_arch_fort, minmay_holes, pf_hell_entry_great_geh,
          grunt_ministairs_11, serial_sigils_hangedman_etch,
          kennysheep_generic_room_13, infiniplex_staircase_zigzag_5, uniq_nikola
Depths:3: gammafunk_its_a_trap, abyss_entry, minmay_misc_feat_cross,
          lightli_too_deep, pan_entry
Depths:4: minmay_haunted_quarter, enter_ziggurat_f, grunt_hell_entry_dis_mu,
          minmay_misc_feat_doors, mu_enter_wizlab_4,
          hangedman_abyss_entry_splay, serial_shops, shop, shop, shop, shop
Depths:5: grunt_zot_entry_alcove, hell_entry, rand_demon_pan_entry_1,
          item_on_display_a
Zot:3:    lemuel_halls_of_wrath
Zot:4:    nicolae_transmutations_shop
Lab:      labyrinth_watery
Ossuary:  ossuary_tomb_1
Bailey:   bailey_axe_3, bailey
IceCv:    ice_cave_small_necro
Volcano:  volcano_aerie
WizLab:   wizlab_doroklohe

Skill      XL: |  1  2  3  4  5  6  7  8  9 10 11 12 13 14 15 16 17 18 19 20 21 22 23 24 25 26 27 |
---------------+----------------------------------------------------------------------------------+-----
Conjurations   | 2 3 4 |  4.0
Summonings     | 2 3 |  3.4
Air Magic      | 1 3 4 |  4.0
Poison Magic   | 1 4 |  4.5
Fire Magic     | 2 4 |  4.0
Shields        | 1 4 |  4.0
Fighting       | 1 4 6 8 9 10 11 12 13 14 15 16 19 20 21 23 | 23.4
Short Blades   | 2 6 9 10 | 10.0
Long Blades    | 6 10 12 14 15 16 18 19 20 21 22 23 25 | 25.2
Translocations | 2 3 4 |  4.3
Dodging        | 3 6 8 9 11 13 15 16 | 16.1
Invocations    | 4 6 8 9 10 | 10.6
Evocations     | 2 3 12 | 12.5
Charms         | 2 3 4 |  4.0
Hexes          | 2 6 8 9 10 | 10.1
Necromancy     | 5 7 |  7.3
Spellcasting   | 4 5 |  5.0
Ice Magic      | 5 |  5.0
Armour         | 7 10 12 14 16 | 16.6
Transmutations | 3 |  3.0
Earth Magic    | 3 |  3.0
Throwing       | 6 8 |  8.3
Stealth        | |  2.0

Action                   |  1- 3 |  4- 6 |  7- 9 | 10-12 | 13-15 | 16-18 | 19-21 | 22-24 | 25-27 || total
-------------------------+-------+-------+-------+-------+-------+-------+-------+-------+-------++-------
Melee: Short sword       |     9 |       |       |       |       |       |       |       |       ||     9
       Quarterstaff      |    21 |   112 |    30 |       |       |       |       |       |       ||   163
       Dagger            |       |       |   177 |       |       |       |       |       |       ||   177
       Rapier            |       |       |    80 |   510 |  1056 |  1024 |   179 |       |       ||  2849
       Scimitar          |       |       |       |     6 |    26 |    90 |    23 |       |       ||   145
       Triple sword      |       |       |       |       |       |    20 |   806 |   702 |  1130 ||  2658
       Great sword       |       |       |       |       |       |       |       |    79 |   354 ||   433
 Fire: Blowgun           |       |       |       |       |       |     4 |       |     1 |       ||     5
Throw: Javelin           |       |       |     3 |       |       |       |       |       |       ||     3
       Throwing net      |       |       |       |       |       |       |       |       |     1 ||     1
 Cast: Magic Dart        |    51 |    36 |    10 |       |       |       |       |       |       ||    97
       Call Imp          |     3 |    18 |    57 |    81 |    54 |     6 |     5 |       |     5 ||   229
       Mephitic Cloud    |       |       |     6 |    16 |    24 |       |       |       |       ||    46
       Conjure Flame     |       |       |       |     3 |     7 |       |       |       |       ||    10
       Blink             |       |       |       |     1 |     1 |    15 |     7 |     6 |     4 ||    34
       Spectral Weapon   |       |       |       |       |    50 |   118 |    85 |    75 |    97 ||   425
       Confuse           |       |       |       |       |    17 |    92 |    61 |    32 |    90 ||   292
       Regeneration      |       |       |       |       |       |     5 |   100 |   119 |   162 ||   386
       Tukima's Dance    |       |       |       |       |       |     1 |    21 |       |     5 ||    27
       Animate Skeleton  |       |       |       |       |       |       |       |    69 |    16 ||    85
       Passwall          |       |       |       |       |       |       |       |     2 |       ||     2
Invok: Recall Ancestor   |       |       |     1 |     6 |     9 |    11 |     6 |    19 |    15 ||    67
       Ancestor Identity |       |       |     1 |     1 |       |       |       |       |       ||     2
       Ancestor Life: Kn |       |       |     1 |       |       |       |       |       |       ||     1
       Idealise          |       |       |       |       |       |     6 |     6 |     5 |     7 ||    24
       Transference      |       |       |       |       |       |       |       |       |     2 ||     2
Evoke: Wand              |       |       |       |    26 |     7 |    18 |       |    10 |     4 ||    65
       Lamp of fire      |       |       |       |       |     2 |     2 |     1 |       |     2 ||     7
       Phantom mirror    |       |       |       |       |     1 |       |       |       |       ||     1
       Lightning rod     |       |       |       |       |       |     4 |       |       |       ||     4
       Sack of spiders   |       |       |       |       |       |     2 |       |       |     4 ||     6
       Box of beasts     |       |       |       |       |       |       |       |       |     3 ||     3
  Use: Scroll            |       |     4 |     7 |    15 |    19 |    13 |    12 |    22 |    18 ||   110
       Potion            |       |     6 |     1 |     3 |     3 |    16 |     1 |     3 |    20 ||    53
 Stab: Sleeping          |     1 |     3 |     4 |     4 |     3 |     2 |       |     1 |       ||    18
       Distracted        |       |     2 |     3 |     5 |    14 |    11 |    14 |    18 |    45 ||   112
       Invisible         |       |       |     2 |       |       |     2 |       |       |       ||     4
       Confused          |       |       |     2 |    12 |    20 |    26 |    19 |    14 |    36 ||   129
       Paralysed         |       |       |       |       |       |     1 |       |       |       ||     1
  Eat: Chunk             |       |     5 |     8 |    26 |    49 |    51 |    41 |    32 |    11 ||   223
       Ration            |       |       |     2 |     2 |       |     1 |     1 |     5 |    18 ||    29
Armor: Robe              |    10 |    29 |    44 |    53 |       |       |       |       |       ||   136
       Troll leather arm |       |       |       |    13 |   165 |   308 |    54 |       |       ||   540
       Leather armour    |       |       |       |    10 |       |       |       |       |       ||    10
       Swamp dragon scal |       |       |       |       |       |       |   186 |   239 |   389 ||   814
Dodge: Dodged            |    35 |    93 |   126 |   216 |   382 |   606 |   513 |   428 |   832 ||  3231
Block: Buckler           |       |       |    51 |   131 |   197 |   273 |    21 |       |       ||   673
       Rpst.: Scimitar   |       |       |       |     1 |       |    12 |       |       |       ||    13
       Triple sword      |       |       |       |       |       |     5 |    89 |    78 |   119 ||   291
       Great sword       |       |       |       |       |       |       |       |    10 |    28 ||    38

Table legend:
 A = Spawn XP
 B = Non-spawn XP
 C = Spawn XP percentage of total XP
 D = Spawn monster count
 E = Non-spawn monster count
 F = Spawn count percentage of total count
 G = Total turns spent on level
                    A         B        C        D         E        F      G
               +---------+---------+-------+---------+---------+-------+---------
         Total |       0 | 1402217 |   0.0 |       0 |    2277 |   0.0 | 61109
               +---------+---------+-------+---------+---------+-------+---------
           D:1 |       0 |      28 |   0.0 |       0 |      14 |   0.0 |   486
           D:2 |       0 |      42 |   0.0 |       0 |      15 |   0.0 |   501
           D:3 |       0 |      69 |   0.0 |       0 |      21 |   0.0 |   710
           D:4 |       0 |      91 |   0.0 |       0 |       8 |   0.0 |   511
           D:5 |       0 |     511 |   0.0 |       0 |      38 |   0.0 |   811
           D:6 |       0 |     618 |   0.0 |       0 |      18 |   0.0 |   837
           D:7 |       0 |     737 |   0.0 |       0 |      21 |   0.0 |   870
           D:8 |       0 |    2078 |   0.0 |       0 |      25 |   0.0 |   759
           D:9 |       0 |    2088 |   0.0 |       0 |      27 |   0.0 |  1447
          D:10 |       0 |    4200 |   0.0 |       0 |      52 |   0.0 |  1709
          D:11 |       0 |    2096 |   0.0 |       0 |      13 |   0.0 |   879
          D:12 |       0 |    5450 |   0.0 |       0 |      34 |   0.0 |   910
          D:13 |       0 |    2922 |   0.0 |       0 |      11 |   0.0 |  1209
          D:14 |       0 |    6006 |   0.0 |       0 |      17 |   0.0 |   829
          D:15 |       0 |    9653 |   0.0 |       0 |      18 |   0.0 |   945
        Lair:1 |       0 |    3153 |   0.0 |       0 |      28 |   0.0 |   511
        Lair:2 |       0 |    1689 |   0.0 |       0 |      13 |   0.0 |   500
        Lair:3 |       0 |    3235 |   0.0 |       0 |      22 |   0.0 |   733
        Lair:4 |       0 |    5647 |   0.0 |       0 |      19 |   0.0 |   913
        Lair:5 |       0 |    6566 |   0.0 |       0 |      16 |   0.0 |   687
        Lair:6 |       0 |   14414 |   0.0 |       0 |      56 |   0.0 |  1168
       Swamp:1 |       0 |   11440 |   0.0 |       0 |      19 |   0.0 |   748
       Swamp:2 |       0 |    8963 |   0.0 |       0 |      29 |   0.0 |   869
       Swamp:3 |       0 |   17718 |   0.0 |       0 |      35 |   0.0 |  1159
       Swamp:4 |       0 |   30969 |   0.0 |       0 |      58 |   0.0 |   851
      Spider:1 |       0 |   19172 |   0.0 |       0 |      67 |   0.0 |   972
      Spider:2 |       0 |   16863 |   0.0 |       0 |      55 |   0.0 |  1035
      Spider:3 |       0 |   15603 |   0.0 |       0 |      53 |   0.0 |  1118
      Spider:4 |       0 |   40520 |   0.0 |       0 |      97 |   0.0 |  2457
       Slime:1 |       0 |    3761 |   0.0 |       0 |       6 |   0.0 |    53
       Slime:2 |       0 |    5017 |   0.0 |       0 |       4 |   0.0 |   242
       Slime:3 |       0 |    4713 |   0.0 |       0 |      11 |   0.0 |    60
       Slime:4 |       0 |    2081 |   0.0 |       0 |       8 |   0.0 |    98
       Slime:5 |       0 |   40285 |   0.0 |       0 |      21 |   0.0 |   401
         Orc:1 |       0 |    1342 |   0.0 |       0 |      20 |   0.0 |   536
         Orc:2 |       0 |   12652 |   0.0 |       0 |     103 |   0.0 |  1466
         Elf:1 |       0 |   17130 |   0.0 |       0 |      32 |   0.0 |   951
         Elf:2 |       0 |   28762 |   0.0 |       0 |      47 |   0.0 |   920
         Elf:3 |       0 |   66660 |   0.0 |       0 |      53 |   0.0 |  2072
      Vaults:1 |       0 |   46271 |   0.0 |       0 |      92 |   0.0 |  2249
      Vaults:2 |       0 |   34482 |   0.0 |       0 |      58 |   0.0 |  1767
      Vaults:3 |       0 |   46418 |   0.0 |       0 |      83 |   0.0 |  2318
      Vaults:4 |       0 |   81109 |   0.0 |       0 |     127 |   0.0 |  2354
       Crypt:1 |       0 |   67133 |   0.0 |       0 |     107 |   0.0 |  1122
       Crypt:2 |       0 |   29688 |   0.0 |       0 |      50 |   0.0 |   697
       Crypt:3 |       0 |   90704 |   0.0 |       0 |     113 |   0.0 |  1692
      Depths:1 |       0 |   32941 |   0.0 |       0 |      44 |   0.0 |  1320
      Depths:2 |       0 |   52907 |   0.0 |       0 |      48 |   0.0 |  1924
      Depths:3 |       0 |   43576 |   0.0 |       0 |      55 |   0.0 |  1174
      Depths:4 |       0 |   32712 |   0.0 |       0 |      31 |   0.0 |   997
      Depths:5 |       0 |   62237 |   0.0 |       0 |      35 |   0.0 |  1104
         Zot:1 |       0 |   10874 |   0.0 |       0 |       5 |   0.0 |   164
         Zot:2 |       0 |    8291 |   0.0 |       0 |       6 |   0.0 |   458
         Zot:3 |       0 |   93347 |   0.0 |       0 |      67 |   0.0 |  1766
         Zot:4 |       0 |   41036 |   0.0 |       0 |      27 |   0.0 |   844
         Zot:5 |       0 |  207732 |   0.0 |       0 |      57 |   0.0 |  2984
           Lab |       0 |    1200 |   0.0 |       0 |       1 |   0.0 |   264
       Ossuary |       0 |     391 |   0.0 |       0 |      39 |   0.0 |   317
        Bailey |       0 |     402 |   0.0 |       0 |      16 |   0.0 |   236
       Volcano |       0 |    3610 |   0.0 |       0 |      11 |   0.0 |  1144
        WizLab |       0 |     212 |   0.0 |       0 |       1 |   0.0 |    36
               +---------+---------+-------+---------+---------+-------+---------
